cohdb
Replays
Latest Replays
All Replays
Popular Replays
Top Player Replays
Match Explorer
How It Works
Community
CoH3 Stats
Reddit
Sign in to upload your games and track your stats! →
Sign in with Steam
Match 44229427
Unlisted
Match 44229427
Overview
Messages
Build Orders
End
Vickers Machine Gun Team
Construct Section Command Post
Selects Air and Sea Battlegroup
Dingo Light Scout Car
Infantry Section
Construct Platoon Command Post
ML 3-inch Mortar Team
Royal Engineer Section
Humber Armored Car
Construct Field Infirmary
Selects Commando Section Paradrop
Commando Section Paradrop
Selects Commando Support Section Paradrop
Grenade Package
Unlock M3 Stuart Light Tanks
Selects Supply Surplus
Construct Resource Cache
Selects UNKNOWN (223837)
Commando Support Section Paradrop
M3 Stuart Light Tank
ol' Tony
Young_Charles
DrewP
Dillbro
0
0
Comments
sign in to comment!
No comments posted yet!